 Dungeon Sprint DCSS version 0.19.0-9-gfd783f2 (webtiles) character file.

457 equalderp2856 the Gouger (level 6, -8/33 HPs)
             Began as a Felid Fighter on Nov 7, 2016.
             Mangled by a deep troll (14 damage)
             ... in the Dungeon (Sprint I: "Red Sonja").
             The game lasted 00:02:52 (513 turns).

equalderp2856 the Gouger (Felid Fighter)             Turns: 513, Time: 00:02:53

Health: -8/33      AC:  2    Str: 14    XL:     6   Next: 77%
Magic:  7/7        EV: 26    Int: 10    God:
Gold:   648        SH:  0    Dex: 15    Spells: 0 memorised, 5 levels left
                                        Lives:  0   Deaths: 2

rFire  . . .     SeeInvis +       - Unarmed
rCold  . . .     Gourm    .     (armour unavailable)
rNeg   . . .     Faith    .     (shield unavailable)
rPois  .         Spirit   .     (helmet unavailable)
rElec  .         Reflect  .     (cloak unavailable)
rCorr  .         Harm     .     (gloves unavailable)
MR     .....     NoTele   +     (boots unavailable)
Stlth  +++.......               (no amulet)
                                (no ring)
                                (no ring)

@: quick
A: no armour, no weapons or thrown items, stealth, claws 1, fangs 3, see
invisible, carnivore 3, speed 1, shaggy fur 2, slow metabolism 1, sharp paws
a: no special abilities


You were in the Dungeon.
You were not hungry.

You visited 1 branch You collected 648 gold pieces.

Inventory:

Wands
 i - a wand of digging (6/24)
Scrolls
 h - a scroll of blinking
 k - 2 scrolls of identify {unknown}
Potions
 a - 2 potions of curing
 c - a potion of heal wounds
 d - a potion of degeneration {unknown}
 e - a potion of haste
 f - 2 potions of magic
 g - a potion of berserk rage
 j - a potion of mutation {unknown}
Comestibles
 b - a meat ration


   Skills:
 + Level 7.8 Fighting
 + Level 11.0 Dodging
 + Level 4.9 Stealth
 + Level 13.2 Unarmed Combat


You had 5 spell levels left.
You didn't know any spells.

Dungeon Overview and Level Annotations

Branches:
Dungeon (1/1)

Altars:
Cheibriados
Dithmenos
Elyvilon
Fedhas
Gozag
Hepliaklqana
Kikubaaqudgha
Makhleb
Nemelex Xobeh
Okawaru
Qazlal
Ru
Sif Muna
Trog
Uskayaw
Vehumet
Xom
Yredelemnul
Zin
The Shining One
Jiyva
Lugonu

Shops:
D }%


Innate Abilities, Weirdness & Mutations

You cannot wear armour.
You are incapable of wielding weapons or throwing items.
Your paws allow you to move quietly. (Stealth)
You have sharp claws.
You have razor-sharp teeth.
You have supernaturally acute eyesight. (SInv)
You are carnivorous and can eat meat at any time.
You cover ground quickly.
You are covered in thick fur. (AC +2)
You have a slow metabolism.
Your sharp claws are effective at attacking unaware monsters.


Message History

The helpless slime creature fails to defend itself.
You eviscerate the slime creature!!!
You kill the slime creature!
Your Dodging skill increases to level 11!
Your Unarmed Combat skill increases to level 13!
You scratch the deep troll.
The deep troll is moderately wounded.
The deep troll completely misses you. The deep troll claws you.
The deep troll completely misses you.
You closely miss the deep troll.
The deep troll is moderately wounded.
The deep troll bites you!!
Ouch! That really hurt!
The deep troll closely misses you. The deep troll claws you!
* * * LOW HITPOINT WARNING * * *
You scratch the deep troll but do no damage.
The deep troll is moderately wounded.
The deep troll misses you. The deep troll completely misses you.
The deep troll claws you!
You die...

####################
.#..'..#..'..#__#.$+
.').#.)').#..'.T@.$#
.#####'#####'#__####
.####..#...#)###
.#__####..##T#
.#_____##'#(.+
⌠#_.∩...'.(._#
##_..__##_(#'#
#_____###†#.#
##########.####+###


You could see a deep troll.

Vanquished Creatures
  Sonja (D)
  A slime creature (D)
  Sigmund (D)
  A yak (D)
  An ogre (D)
  A jelly (D)
  Ijyb (D)
  4 ballistomycetes (D)
11 creatures vanquished.

Vanquished Creatures (others)
  2 ballistomycetes (D)
  2 ballistomycete spores (D)
4 creatures vanquished.

Grand Total: 15 creatures vanquished

Notes
Turn   | Place    | Note
-------+----------+-------------------------------------------
     0 | D        | equalderp2856 the Felid Fighter began the quest for the Orb.
     0 | D        | Reached XP level 1. HP: 10/10 MP: 2/2
     2 | D        | Noticed Ijyb
     8 | D        | Killed Ijyb
     8 | D        | Reached skill level 5 in Dodging
     8 | D        | Reached skill level 6 in Unarmed Combat
     8 | D        | Reached XP level 2. HP: 7/15 MP: 3/3
   153 | D        | Noticed an ogre
   163 | D        | Killed an ogre
   163 | D        | Reached skill level 5 in Fighting
   163 | D        | Reached skill level 8 in Unarmed Combat
   163 | D        | Reached XP level 3. HP: 19/19 MP: 4/4
   163 | D        | Reached XP level 4. HP: 23/23 MP: 5/5
   175 | D        | Noticed Sigmund
   184 | D        | Killed Sigmund
   184 | D        | Reached skill level 10 in Unarmed Combat
   184 | D        | Reached XP level 5. HP: 16/27 MP: 6/6
   316 | D        | Found a deep blue altar of Sif Muna.
   318 | D        | Found a radiant altar of Vehumet.
   322 | D        | Gained mutation: You are covered in thick fur. (AC +2) [Felid growth]
   322 | D        | Reached XP level 6. HP: 31/31 MP: 7/7
   343 | D        | Found Irie's Food Emporium.
   343 | D        | Found an ancient bone altar of Kikubaaqudgha.
   343 | D        | Found a hazy altar of Hepliaklqana.
   343 | D        | Found a stormy altar of Qazlal.
   343 | D        | Found a hide-covered altar of Uskayaw.
   343 | D        | Found a blossoming altar of Fedhas.
   343 | D        | Found a bloodstained altar of Trog.
   343 | D        | Found an iron altar of Okawaru.
   343 | D        | Found a basalt altar of Yredelemnul.
   343 | D        | Found a glowing golden altar of the Shining One.
   343 | D        | Found a snail-covered altar of Cheibriados.
   343 | D        | Found a sacrificial altar of Ru.
   343 | D        | Found a glowing silver altar of Zin.
   343 | D        | Found a shadowy altar of Dithmenos.
   343 | D        | Found a white marble altar of Elyvilon.
   343 | D        | Noticed a yak
   344 | D        | Found an opulent altar of Gozag.
   346 | D        | Killed a yak
   346 | D        | Reached skill level 11 in Unarmed Combat
   347 | D        | Found a sparkling altar of Nemelex Xobeh.
   370 | D        | Noticed Sonja
   379 | D        | Slain by Sonja
   380 | D        | Reached XP level 5. HP: -4/28 MP: 6/6
   411 | D        | Killed Sonja
   411 | D        | Reached skill level 10 in Dodging
   411 | D        | Reached skill level 12 in Unarmed Combat
   411 | D        | Reached XP level 6. HP: 33/33 MP: 7/7
   411 | D        | Reached XP level 7. HP: 36/36 MP: 8/8
   472 | D        | Found Nufowk's Gadget Boutique.
   486 | D        | Noticed a deep troll
   503 | D        | Mangled by a deep troll
   504 | D        | Reached XP level 6. HP: -8/33 MP: 7/7
   508 | D        | Found a shimmering altar of Xom.
   508 | D        | Found a corrupted altar of Lugonu.
   508 | D        | Found a burning altar of Makhleb.
   508 | D        | Found a viscous altar of Jiyva.
   508 | D        | Noticed a slime creature
   510 | D        | Killed a slime creature
   510 | D        | Reached skill level 13 in Unarmed Combat
   513 | D        | Mangled by a deep troll

Skill      XL: |  1  2  3  4  5  6 |
---------------+-------------------+-----
Dodging        | 5 6 8 10 11 | 11.0
Unarmed Combat | 6 8 10 12 13 | 13.2
Fighting       | 5 6 7 |  7.8
Stealth        | 4 2 |  4.9

Action                   |  1- 3 |  4- 6 |  7- 9 || total
-------------------------+-------+-------+-------++-------
Melee: Unarmed           |    13 |    23 |    12 ||    48
       Bite              |     1 |     3 |     1 ||     5
       Punch             |       |     1 |     2 ||     3
  Use: Potion            |       |     3 |       ||     3
 Stab: Sleeping          |       |     3 |       ||     3
       Confused          |       |     1 |       ||     1
Armor: Skin              |       |     5 |       ||     5
Dodge: Dodged            |     6 |    28 |     5 ||    39
